Canadiens vs Islanders

Created - Wednesday, May 04, 2016 at 00:11

Goals
1 2 3 T
Canadiens 1 0 2 3
Islanders 0 0 1 1
Shots
1 2 3 T
Canadiens 2 8 29 39
Islanders 12 4 11 27

1st period

1. Canadiens , Joe Thornton 3 (Radim Vrbata, Matthew Carle) at 1:35 (PP)

Penalties :
Tyler Ennis (NYI) for Hooking (Minor) at 1:19, Mike Ribeiro (Mon) for Holding Stick (Minor) at 5:09, Justin Abdelkader (Mon) for Hooking (Minor) at 9:27, Olli Maatta (NYI) for Interference (Minor) at 14:57

2nd period

No Goal

Penalties :
Dalton Prout (NYI) for Slashing (Minor) at 4:04, Scott Gomez (Mon) for Hooking (Minor) at 10:48, Jamie Benn (NYI) for Holding (Minor) at 13:50, Kevin Bieksa (Mon) for Tripping (Minor) at 16:45

3rd period

2. Canadiens , Mathieu Perreault 5 (Mike Ribeiro) at 3:04 (PP)
3. Islanders , Brandon Pirri 2 (Jamie Benn, Kevin Klein) at 11:33
4. Canadiens , Joe Thornton 4 (Radim Vrbata) at 15:45 (PP)

Penalties :
Paul Gaustad (NYI) for Hooking (Minor) at 3:03, Travis Hamonic (NYI) for Hooking (Minor) at 5:39, Dalton Prout (NYI) for High sticking (Minor) at 14:38, Travis Hamonic (NYI) for High sticking (Minor) at 17:37

Goalie Stats

Pekka Rinne (Mon), 26 saves from 27 shots - (0.963), W, 6-3-2, 60:00 minutes
Braden Holtby (NYI), 36 saves from 39 shots - (0.923), L, 6-4-0, 60:00 minutes

Players Stats for Canadiens

Player Name              G  A  P  +/- PIM S  H  SB GA TA FO     MP     PP MP  PK MP  
------------------------------------------------------------------------------------
Alex Goligoski           0  0  0   0  0   8  2  1  1  2  0/0    25:10   5:24   4:42 
Ben Lovejoy              0  0  0   0  0   2  3  1  0  1  0/0    21:33   5:55   3:14 
Braydon Coburn           0  0  0  -1  0   0  0  2  0  1  0/0    19:14   0:00   4:42 
Francois Beauchemin      0  0  0   0  0   2  1  1  0  1  0/0    19:13   5:24   0:00 
Gregory Campbell         0  0  0   0  0   2  1  0  0  0  4/4    10:20   0:00   2:19 
Jaromir Jagr             0  0  0   0  0   0  1  0  0  0  0/0    10:05   0:00   0:00 
Joe Thornton             2  0  2   0  0   4  1  0  3  1  8/16   18:05   5:58   0:00 
Justin Abdelkader        0  0  0   0  2   2  4  0  0  1  0/1    20:24   5:58   1:00 
Justin Fontaine          0  0  0   0  0   3  0  0  0  0  0/0    12:14   0:00   5:37 
Kevin Bieksa             0  0  0   0  2   2  2  1  0  0  0/0    11:18   0:00   0:00 
Mathieu Perreault        1  0  1   0  0   6  1  0  6  1  0/1    18:06   5:21   1:19 
Matthew Carle            0  1  1  -1  0   1  1  2  0  1  0/0    24:08   5:55   3:14 
Maxim Lapierre           0  0  0   0  0   0  2  0  0  0  2/7    12:14   0:00   5:37 
Mike Ribeiro             0  1  1   0  2   1  0  2  1  0  6/11   16:46   5:21   0:00 
Patrick Eaves            0  0  0  -1  0   0  0  0  1  0  0/0     9:28   0:00   0:00 
Radim Vrbata             0  2  2   0  0   2  0  0  1  1  0/2    18:05   5:58   0:00 
Ryan Callahan            0  0  0  -1  0   1  1  0  1  0  0/1    15:40   5:21   0:00 
Scott Gomez              0  0  0  -1  2   3  0  0  0  0  4/8     9:57   0:00   0:00 

Players Stats for Islanders

Player Name              G  A  P  +/- PIM S  H  SB GA TA FO     MP     PP MP  PK MP  
------------------------------------------------------------------------------------
Brandon Pirri            1  0  1   1  0   2  0  1  0  0  0/0    12:05   0:00   0:00 
Carl Hagelin             0  0  0   0  0   0  0  0  1  1  0/1    17:02   3:22   2:10 
Dalton Prout             0  0  0   0  4   0  3  0  0  0  0/0    14:49   0:00   4:40 
David Krejci             0  0  0   1  0   0  0  0  1  0  11/18  17:53   5:03   0:22 
Dustin Brown             0  0  0   0  0   3  2  1  0  1  0/0    15:17   5:15   0:31 
Erik Karlsson            0  0  0   1  0   4  3  0  0  1  0/0    21:43   7:00   0:00 
Frans Nielsen            0  0  0   0  0   2  0  1  3  0  2/5    15:13   4:11   2:00 
Jamie Benn               0  1  1   1  2   4  2  0  3  0  0/1    17:04   4:34   0:00 
Joe Pavelski             0  0  0   0  0   1  2  1  1  0  1/4    14:27   3:16   0:00 
Kevin Klein              0  1  1   1  0   1  3  0  0  1  0/0    17:33   0:00   4:56 
Lauri Korpikoski         0  0  0   0  0   2  1  0  1  1  1/1    16:56   0:00   8:48 
Marian Hossa             0  0  0   0  0   3  0  0  1  0  0/1    14:41   3:22   0:00 
Olli Maatta              0  0  0   0  2   1  0  2  0  2  0/0    21:07   0:56   4:55 
Patrik Berglund          0  0  0   0  0   1  1  0  3  0  0/1     7:12   0:00   0:00 
Paul Gaustad             0  0  0   0  2   0  0  2  0  0  12/18  16:54   0:00   8:47 
Rob Scuderi              0  0  0   0  0   1  0  3  0  2  0/0    18:40   0:00   4:56 
Travis Hamonic           0  0  0   0  4   0  0  0  0  2  0/0    17:53   0:00   3:11 
Tyler Ennis              0  0  0   0  2   2  1  1  2  0  0/1    12:04   2:41   0:00 

3 Stars

1 - Joe Thornton (Mon)
2 - Pekka Rinne (Mon)
3 - Brandon Pirri (NYI)

Power Play

Canadiens - 3 on 8 Attempt(s) - 37.50%
Islanders - 0 on 4 Attempt(s) - 0.00%

Penalty Kill

Canadiens - 4 on 4 Attempt(s) - 100.00% - Score 0 goal in Penalty Kill
Islanders - 5 on 8 Attempt(s) - 62.50% - Score 0 goal in Penalty Kill

Team Stat

Canadiens - Hits : 20 - Faceoff Wins : 24 - Blocked Shots : 10 - Penalty Minutes : 8
Islanders - Hits : 18 - Faceoff Wins : 27 - Blocked Shots : 12 - Penalty Minutes : 16

Official

Referees : Unknown
Linesman : Unknown

Game Notes

No Game Note

Finance

Level 1 -- Attendance: 6000 (100.00%) -- Ticket Income $504,000
Level 2 -- Attendance: 4826 (96.52%) -- Ticket Income $275,082
Level 3 -- Attendance: 1896 (94.80%) -- Ticket Income $60,672
Level 4 -- Attendance: 3640 (91.00%) -- Ticket Income $72,800
Luxury Box -- Attendance: 929 (92.90%) -- Ticket Income $166,291
Game was played at the Nassau Coliseum.
Total Attendance: 17291 (96.06%)
Total Ticket Income: $1,078,845
Other Income: $528,634
Total Income: $1,607,479

Canadiens

5 vs 5 Forward 
   Center                   Left Wing                Right Wing               Time % Phy DF OF 
 1 Joe Thornton             Justin Abdelkader        Radim Vrbata             34     1   1  3  
 2 Mike Ribeiro             Mathieu Perreault        Jaromir Jagr             29     1   1  3  
 3 Scott Gomez              Patrick Eaves            Ryan Callahan            25     1   1  3  
 4 Maxim Lapierre           Gregory Campbell         Justin Fontaine          12     1   2  2  

5 vs 5 Defense 
   Defense                  Defense                                           Time % Phy DF OF 
 1 Alex Goligoski           Francois Beauchemin                               40     1   2  2  
 2 Matthew Carle            Braydon Coburn                                    36     1   2  2  
 3 Kevin Bieksa             Ben Lovejoy                                       24     1   3  1  
 4 Francois Beauchemin      Alex Goligoski                                    0      1   2  2  

PowerPlay Forward 
   Center                   Left Wing                Right Wing               Time % Phy DF OF 
 1 Joe Thornton             Justin Abdelkader        Radim Vrbata             60     1   1  3  
 2 Mike Ribeiro             Mathieu Perreault        Ryan Callahan            40     1   1  3  

PowerPlay Defense
   Defense                  Defense                                           Time % Phy DF OF 
 1 Alex Goligoski           Francois Beauchemin                               60     1   1  3  
 2 Matthew Carle            Ben Lovejoy                                       40     1   2  2  

Penalty Kill 4 Players Forward 
   Center                   Wing                     Time % Phy DF OF 
 1 Maxim Lapierre           Justin Fontaine          60     1   3  1  
 2 Gregory Campbell         Justin Abdelkader        40     1   4  0  

Penalty Kill 4 Players Defense
   Defense                  Defense                  Time % Phy DF OF 
 1 Alex Goligoski           Braydon Coburn           60     1   3  1  
 2 Matthew Carle            Ben Lovejoy              40     1   4  0  

Penalty Kill - 3 Players Forward 
   Forward                                           Time % Phy DF OF 
 1 Maxim Lapierre                                    60     1   3  1  
 2 Gregory Campbell                                  40     1   3  1  

Penalty Kill - 3 Players Defense
   Defense                  Defense                  Time % Phy DF OF 
 1 Alex Goligoski           Braydon Coburn           60     1   3  1  
 2 Matthew Carle            Ben Lovejoy              40     1   3  1  

4 vs 4 Forward 
   Center                   Wing                     Time % Phy DF OF 
 1 Joe Thornton             Ryan Callahan            60     1   2  2  
 2 Mike Ribeiro             Radim Vrbata             40     1   2  2  

4 vs 4 Defense
   Defense                  Defense                  Time % Phy DF OF 
 1 Alex Goligoski           Francois Beauchemin      60     1   2  2  
 2 Matthew Carle            Ben Lovejoy              40     1   2  2  

Last Minutes Offensive
   Center                   Left Wing                Right Wing               Defense                  Defense                  
   Joe Thornton             Justin Abdelkader        Ryan Callahan            Alex Goligoski           Francois Beauchemin      

Last Minutes Defensive
   Center                   Left Wing                Right Wing               Defense                  Defense                  
   Joe Thornton             Justin Abdelkader        Ryan Callahan            Alex Goligoski           Francois Beauchemin      

Goaltenders
Starting : Pekka Rinne              
Backup : Curtis McElhinney        

Extra Forwards
Normal : Jaromir Jagr, Maxim Lapierre, Gregory Campbell - PP : Jaromir Jagr, Maxim Lapierre - PK : Gregory Campbell
Extra Defensemen
Normal : Braydon Coburn, Ben Lovejoy, Matthew Carle - PP : Braydon Coburn - PK : Ben Lovejoy, Matthew Carle
Penalty Shots
Joe Thornton, Mike Ribeiro, Ryan Callahan, Radim Vrbata, Justin Abdelkader

Islanders

5 vs 5 Forward 
   Center                   Left Wing                Right Wing               Time % Phy DF OF 
 1 David Krejci             Jamie Benn               Brandon Pirri            32     1   2  2  
 2 Joe Pavelski             Carl Hagelin             Marian Hossa             27     1   2  2  
 3 Frans Nielsen            Dustin Brown             Tyler Ennis              23     1   2  2  
 4 Paul Gaustad             Lauri Korpikoski         Patrik Berglund          18     1   2  2  

5 vs 5 Defense 
   Defense                  Defense                                           Time % Phy DF OF 
 1 Erik Karlsson            Kevin Klein                                       33     1   2  2  
 2 Olli Maatta              Travis Hamonic                                    30     1   2  2  
 3 Rob Scuderi              Dalton Prout                                      24     0   3  2  
 4 Erik Karlsson            Rob Scuderi                                       13     1   2  2  

PowerPlay Forward 
   Center                   Left Wing                Right Wing               Time % Phy DF OF 
 1 David Krejci             Jamie Benn               Frans Nielsen            57     1   2  2  
 2 Joe Pavelski             Carl Hagelin             Marian Hossa             43     1   2  2  

PowerPlay Defense
   Defense                  Defense                                           Time % Phy DF OF 
 1 Erik Karlsson            Dustin Brown                                      60     1   2  2  
 2 Erik Karlsson            Tyler Ennis                                       40     1   2  2  

Penalty Kill 4 Players Forward 
   Center                   Wing                     Time % Phy DF OF 
 1 Paul Gaustad             Lauri Korpikoski         60     1   2  2  
 2 Frans Nielsen            Carl Hagelin             40     1   2  2  

Penalty Kill 4 Players Defense
   Defense                  Defense                  Time % Phy DF OF 
 1 Rob Scuderi              Kevin Klein              50     1   2  2  
 2 Olli Maatta              Dalton Prout             50     0   3  2  

Penalty Kill - 3 Players Forward 
   Forward                                           Time % Phy DF OF 
 1 Paul Gaustad                                      60     1   2  2  
 2 Frans Nielsen                                     40     1   2  2  

Penalty Kill - 3 Players Defense
   Defense                  Defense                  Time % Phy DF OF 
 1 Kevin Klein              Rob Scuderi              50     1   2  2  
 2 Travis Hamonic           Dalton Prout             50     0   3  2  

4 vs 4 Forward 
   Center                   Wing                     Time % Phy DF OF 
 1 David Krejci             Jamie Benn               60     1   2  2  
 2 Joe Pavelski             Marian Hossa             40     1   2  2  

4 vs 4 Defense
   Defense                  Defense                  Time % Phy DF OF 
 1 Erik Karlsson            Kevin Klein              60     1   2  2  
 2 Olli Maatta              Travis Hamonic           40     1   2  2  

Last Minutes Offensive
   Center                   Left Wing                Right Wing               Defense                  Defense                  
   Joe Pavelski             Jamie Benn               Brandon Pirri            Erik Karlsson            Olli Maatta              

Last Minutes Defensive
   Center                   Left Wing                Right Wing               Defense                  Defense                  
   Paul Gaustad             Joe Pavelski             Carl Hagelin             Olli Maatta              Rob Scuderi              

Goaltenders
Starting : Braden Holtby            
Backup : Andrew Hammond           

Extra Forwards
Normal : Jamie Benn, Joe Pavelski, Dustin Brown - PP : David Krejci, Jamie Benn - PK : Carl Hagelin
Extra Defensemen
Normal : Erik Karlsson, Travis Hamonic, Olli Maatta - PP : Erik Karlsson - PK : Olli Maatta, Travis Hamonic
Penalty Shots
Frans Nielsen, Joe Pavelski, Tyler Ennis, Jamie Benn, Dustin Brown

% Time on Ice - Canadiens

Lines # - Real PCT - Wanted PCT - Time Play
Normal Forward
1 - 31% - 34% - 12:50
2 - 30% - 29% - 12:03
3 - 23% - 25% - 9:28
4 - 16% - 12% - 6:24
Normal Defense
1 - 37% - 40% - 15:04
2 - 37% - 36% - 14:59
3 - 26% - 24% - 10:42
4 - 0% - 0% - 0:00
PP Forward
1 - 53% - 60% - 5:58
2 - 47% - 40% - 5:21
PP Defense
1 - 48% - 60% - 5:24
2 - 52% - 40% - 5:55
PK Forward
1 - 76% - 60% - 6:02
2 - 24% - 40% - 1:54
PK Defense
1 - 59% - 60% - 4:42
2 - 41% - 40% - 3:14
PK3 Forward
1 - 0% - 60%
2 - 0% - 40%
PK3 Defense
1 - 0% - 60%
2 - 0% - 40%
44 Forward
1 - 0% - 60%
2 - 0% - 40%
44 Defense
1 - 0% - 60%
2 - 0% - 40%
Last Minute Offensive  - 0:00
Last Minute Defensive  - 0:00
Total
Forward - 60:00
Defense - 60:00

% Time on Ice - Islanders

Lines # - Real PCT - Wanted PCT - Time Play
Normal Forward
1 - 33% - 32% - 13:27
2 - 28% - 27% - 11:19
3 - 22% - 23% - 8:47
4 - 18% - 18% - 7:12
Normal Defense
1 - 32% - 33% - 13:10
2 - 37% - 30% - 14:57
3 - 25% - 24% - 10:03
4 - 6% - 13% - 2:35
PP Forward
1 - 58% - 57% - 4:34
2 - 42% - 43% - 3:22
PP Defense
1 - 66% - 60% - 5:15
2 - 34% - 40% - 2:41
PK Forward
1 - 82% - 60% - 9:19
2 - 18% - 40% - 2:00
PK Defense
1 - 44% - 50% - 4:56
2 - 56% - 50% - 6:23
PK3 Forward
1 - 0% - 60%
2 - 0% - 40%
PK3 Defense
1 - 0% - 50%
2 - 0% - 50%
44 Forward
1 - 0% - 60%
2 - 0% - 40%
44 Defense
1 - 0% - 60%
2 - 0% - 40%
Last Minute Offensive  - 0:00
Last Minute Defensive  - 0:00
Total
Forward - 60:00
Defense - 60:00

Play by Play

1st period


0:01 of 1st period - David Krejci wins face-off versus Joe Thornton in neutral zone.
0:45 of 1st period - Icing by Joe Thornton.
0:46 of 1st period - Mike Ribeiro wins face-off versus Joe Pavelski in Canadiens zone.
0:59 of 1st period - Alex Goligoski is hit by Joe Pavelski and loses puck.
1:18 of 1st period - Snap shot by Marian Hossa.
1:18 of 1st period - Stopped by Pekka Rinne without a rebound.
1:19 of 1st period - Frans Nielsen wins face-off versus Scott Gomez in Canadiens zone.
1:19 of 1st period - Minor Penalty to Tyler Ennis for Hooking.
1:20 of 1st period - Paul Gaustad wins face-off versus Radim Vrbata in Islanders zone.
1:35 of 1st period - Slapshot by Joe Thornton.
1:35 of 1st period - Goal by Joe Thornton - Canadiens : 1 - Islanders : 0.
1:36 of 1st period - Scott Gomez wins face-off versus Tyler Ennis in neutral zone.
1:59 of 1st period - Wrist shot by Dustin Brown.
1:59 of 1st period - Stopped by Pekka Rinne without a rebound.
2:00 of 1st period - Maxim Lapierre wins face-off versus Paul Gaustad in Canadiens zone.
2:00 of 1st period - Maxim Lapierre is hit by Patrik Berglund.
2:06 of 1st period - Patrik Berglund is hit by Kevin Bieksa and loses puck.
2:33 of 1st period - Slapshot by Erik Karlsson.
2:33 of 1st period - Shot Blocked by Kevin Bieksa.
2:49 of 1st period - Ben Lovejoy is hit by Erik Karlsson.
3:58 of 1st period - Tyler Ennis is hit by Ben Lovejoy and loses puck.
4:09 of 1st period - Scott Gomez is hit by Kevin Klein and loses puck.
4:20 of 1st period - Braydon Coburn is hit by Erik Karlsson and loses puck.
4:29 of 1st period - Wrist shot by Marian Hossa.
4:29 of 1st period - Stopped by Pekka Rinne without a rebound.
4:30 of 1st period - Paul Gaustad wins face-off versus Mike Ribeiro in Canadiens zone.
5:09 of 1st period - Minor Penalty to Mike Ribeiro for Holding Stick.
5:10 of 1st period - Maxim Lapierre wins face-off versus Jamie Benn in Canadiens zone.
5:10 of 1st period - Maxim Lapierre is hit by Erik Karlsson.
6:00 of 1st period - Slapshot by Erik Karlsson.
6:00 of 1st period - Stopped by Pekka Rinne without a rebound.
6:01 of 1st period - Gregory Campbell wins face-off versus Joe Pavelski in Canadiens zone.
6:34 of 1st period - Matthew Carle is hit by Joe Pavelski and loses puck.
6:53 of 1st period - Dustin Brown is hit by Maxim Lapierre and loses puck.
7:09 of 1st period - Penalty to Mike Ribeiro is over, Mike Ribeiro is back on ice.
7:45 of 1st period - Paul Gaustad is hit by Ryan Callahan and loses puck.
8:02 of 1st period - Wrist shot by Patrik Berglund.
8:02 of 1st period - Shot Misses the Net.
8:04 of 1st period - Snap shot by Lauri Korpikoski.
8:04 of 1st period - Stopped by Pekka Rinne without a rebound.
8:05 of 1st period - David Krejci wins face-off versus Mike Ribeiro in Canadiens zone.
8:19 of 1st period - Slapshot by David Krejci.
8:19 of 1st period - Shot Blocked by Mike Ribeiro.
8:21 of 1st period - Snap shot by Jamie Benn.
8:21 of 1st period - Shot Misses the Net.
8:23 of 1st period - Snap shot by Brandon Pirri.
8:23 of 1st period - Stopped by Pekka Rinne with a rebound.
8:29 of 1st period - Wrist shot by Jamie Benn.
8:29 of 1st period - Stopped by Pekka Rinne without a rebound.
8:30 of 1st period - Scott Gomez wins face-off versus Patrik Berglund in Canadiens zone.
8:57 of 1st period - Snap shot by Patrik Berglund.
8:57 of 1st period - Stopped by Pekka Rinne with a rebound.
8:59 of 1st period - Slapshot by Travis Hamonic.
8:59 of 1st period - Shot Blocked by Francois Beauchemin.
9:27 of 1st period - Minor Penalty to Justin Abdelkader for Hooking.
9:28 of 1st period - David Krejci wins face-off versus Maxim Lapierre in Canadiens zone.
9:35 of 1st period - Wrist shot by Frans Nielsen.
9:35 of 1st period - Shot Misses the Net.
9:37 of 1st period - Wrist shot by David Krejci.
9:37 of 1st period - Shot Misses the Net.
9:39 of 1st period - Snap shot by Frans Nielsen.
9:39 of 1st period - Shot Misses the Net.
9:49 of 1st period - Slapshot by Frans Nielsen.
9:49 of 1st period - Stopped by Pekka Rinne with a rebound.
9:59 of 1st period - Gregory Campbell is hit by Jamie Benn.
10:07 of 1st period - Ben Lovejoy is hit by Jamie Benn and loses puck.
10:26 of 1st period - Snap shot by Justin Fontaine.
10:26 of 1st period - Stopped by Braden Holtby with a rebound.
10:28 of 1st period - Slapshot by Justin Fontaine.
10:28 of 1st period - Shot Misses the Net.
10:30 of 1st period - Slapshot by Braydon Coburn.
10:30 of 1st period - Shot Blocked by Dustin Brown.
10:45 of 1st period - Snap shot by Mathieu Perreault.
10:45 of 1st period - Shot Misses the Net.
10:53 of 1st period - Snap shot by Mathieu Perreault.
10:53 of 1st period - Deflect By Gregory Campbell.
10:53 of 1st period - Shot Blocked by Joe Pavelski.
10:53 of 1st period - Puck is out of play.
10:54 of 1st period - Gregory Campbell wins face-off versus David Krejci in Islanders zone.
11:08 of 1st period - Slapshot by Olli Maatta.
11:08 of 1st period - Deflect By Mathieu Perreault.
11:08 of 1st period - Stopped by Pekka Rinne without a rebound.
11:09 of 1st period - David Krejci wins face-off versus Maxim Lapierre in Canadiens zone.
11:27 of 1st period - Penalty to Justin Abdelkader is over, Justin Abdelkader is back on ice.
13:37 of 1st period - Carl Hagelin is hit by Jaromir Jagr and loses puck.
14:28 of 1st period - Icing by Paul Gaustad.
14:29 of 1st period - Paul Gaustad wins face-off versus Scott Gomez in Islanders zone.
14:50 of 1st period - Slapshot by Patrick Eaves.
14:50 of 1st period - Shot Blocked by Olli Maatta.
14:57 of 1st period - Minor Penalty to Olli Maatta for Interference.
14:58 of 1st period - Paul Gaustad wins face-off versus Radim Vrbata in Islanders zone.
15:08 of 1st period - Radim Vrbata is hit by Dalton Prout and loses puck.
15:15 of 1st period - Wrist shot by Lauri Korpikoski.
15:15 of 1st period - Stopped by Pekka Rinne without a rebound.
15:16 of 1st period - Lauri Korpikoski wins face-off versus Justin Abdelkader in Canadiens zone.
16:34 of 1st period - Icing by Radim Vrbata.
16:35 of 1st period - Joe Thornton wins face-off versus Paul Gaustad in Canadiens zone.
16:40 of 1st period - Lauri Korpikoski is hit by Joe Thornton and loses puck.
16:57 of 1st period - Penalty to Olli Maatta is over, Olli Maatta is back on ice.
17:27 of 1st period - Jamie Benn is hit by Gregory Campbell.
17:48 of 1st period - Snap shot by Gregory Campbell.
17:48 of 1st period - Shot Misses the Net.
17:56 of 1st period - Gregory Campbell is hit by Kevin Klein.
18:08 of 1st period - Snap shot by Joe Pavelski.
18:08 of 1st period - Stopped by Pekka Rinne with a rebound.
19:10 of 1st period - Snap shot by Radim Vrbata.
19:10 of 1st period - Shot Blocked by Tyler Ennis.
19:20 of 1st period - Ben Lovejoy is hit by Dalton Prout and loses puck.
Goals for this period are 1 for Canadiens vs 0 for Islanders.
Shots for this period are 2 for Canadiens vs 12 for Islanders.

2nd period


0:01 of 2nd period - Joe Thornton wins face-off versus Marian Hossa in neutral zone.
1:05 of 2nd period - Snap shot by Jamie Benn.
1:05 of 2nd period - Stopped by Pekka Rinne with a rebound.
1:07 of 2nd period - Wrist shot by David Krejci.
1:07 of 2nd period - Shot Misses the Net.
1:29 of 2nd period - Slapshot by Frans Nielsen.
1:29 of 2nd period - Shot Misses the Net.
1:31 of 2nd period - Wrist shot by Frans Nielsen.
1:31 of 2nd period - Shot Misses the Net.
2:37 of 2nd period - Icing by Travis Hamonic.
2:38 of 2nd period - Paul Gaustad wins face-off versus Ryan Callahan in Islanders zone.
3:36 of 2nd period - Wrist shot by Erik Karlsson.
3:36 of 2nd period - Stopped by Pekka Rinne with a rebound.
3:42 of 2nd period - Carl Hagelin is hit by Ben Lovejoy and loses puck.
3:53 of 2nd period - Slapshot by Alex Goligoski.
3:53 of 2nd period - Shot Misses the Net.
3:55 of 2nd period - Slapshot by Francois Beauchemin.
3:55 of 2nd period - Deflect By Maxim Lapierre.
3:55 of 2nd period - Deflect By Joe Pavelski.
3:55 of 2nd period - Shot Misses the Net.
3:55 of 2nd period - Puck is out of play.
3:56 of 2nd period - Mike Ribeiro wins face-off versus David Krejci in Islanders zone.
4:04 of 2nd period - Minor Penalty to Dalton Prout for Slashing.
4:05 of 2nd period - Mike Ribeiro wins face-off versus Paul Gaustad in Islanders zone.
4:05 of 2nd period - Wrist shot by Mathieu Perreault.
4:05 of 2nd period - Stopped by Braden Holtby with a rebound.
4:07 of 2nd period - Slapshot by Alex Goligoski.
4:07 of 2nd period - Deflect By Olli Maatta.
4:07 of 2nd period - Stopped by Braden Holtby without a rebound.
4:08 of 2nd period - Paul Gaustad wins face-off versus Mathieu Perreault in Islanders zone.
4:13 of 2nd period - Lauri Korpikoski is hit by Mathieu Perreault and loses puck.
4:39 of 2nd period - Slapshot by Francois Beauchemin.
4:39 of 2nd period - Shot Blocked by Olli Maatta.
4:59 of 2nd period - Snap shot by Joe Thornton.
4:59 of 2nd period - Stopped by Braden Holtby without a rebound.
5:00 of 2nd period - Paul Gaustad wins face-off versus Joe Thornton in Islanders zone.
5:00 of 2nd period - Paul Gaustad is hit by Justin Abdelkader.
5:12 of 2nd period - Joe Thornton is hit by Kevin Klein and loses puck.
6:04 of 2nd period - Penalty to Dalton Prout is over, Dalton Prout is back on ice.
6:19 of 2nd period - David Krejci is hit by Alex Goligoski and loses puck.
6:34 of 2nd period - Slapshot by Alex Goligoski.
6:34 of 2nd period - Shot Misses the Net.
6:36 of 2nd period - Slapshot by Francois Beauchemin.
6:36 of 2nd period - Shot Blocked by Brandon Pirri.
7:08 of 2nd period - Erik Karlsson is hit by Francois Beauchemin and loses puck.
7:29 of 2nd period - Braydon Coburn is hit by Dalton Prout and loses puck.
10:00 of 2nd period - Wrist shot by Joe Pavelski.
10:00 of 2nd period - Shot Misses the Net.
10:02 of 2nd period - Slapshot by Carl Hagelin.
10:02 of 2nd period - Shot Misses the Net.
10:04 of 2nd period - Slapshot by Travis Hamonic.
10:04 of 2nd period - Shot Blocked by Alex Goligoski.
10:48 of 2nd period - Minor Penalty to Scott Gomez for Hooking.
10:49 of 2nd period - David Krejci wins face-off versus Maxim Lapierre in Canadiens zone.
12:15 of 2nd period - Snap shot by Jamie Benn.
12:15 of 2nd period - Stopped by Pekka Rinne with a rebound.
12:28 of 2nd period - Off-side.
12:29 of 2nd period - Gregory Campbell wins face-off versus David Krejci in neutral zone.
12:32 of 2nd period - Slapshot by Mathieu Perreault.
12:32 of 2nd period - Stopped by Braden Holtby without a rebound.
12:33 of 2nd period - Gregory Campbell wins face-off versus David Krejci in Islanders zone.
12:48 of 2nd period - Penalty to Scott Gomez is over, Scott Gomez is back on ice.
13:50 of 2nd period - Minor Penalty to Jamie Benn for Holding.
13:51 of 2nd period - Paul Gaustad wins face-off versus Mike Ribeiro in Islanders zone.
14:20 of 2nd period - Wrist shot by Ryan Callahan.
14:20 of 2nd period - Stopped by Braden Holtby with a rebound.
14:22 of 2nd period - Snap shot by Mathieu Perreault.
14:22 of 2nd period - Shot Blocked by Paul Gaustad.
14:49 of 2nd period - Carl Hagelin is hit by Alex Goligoski and loses puck.
15:14 of 2nd period - Dalton Prout is hit by Matthew Carle and loses puck.
15:50 of 2nd period - Penalty to Jamie Benn is over, Jamie Benn is back on ice.
16:07 of 2nd period - Joe Pavelski is hit by Maxim Lapierre and loses puck.
16:28 of 2nd period - Snap shot by Justin Fontaine.
16:28 of 2nd period - Stopped by Braden Holtby without a rebound.
16:29 of 2nd period - David Krejci wins face-off versus Scott Gomez in Islanders zone.
16:45 of 2nd period - Minor Penalty to Kevin Bieksa for Tripping.
16:46 of 2nd period - David Krejci wins face-off versus Maxim Lapierre in Canadiens zone.
17:00 of 2nd period - Slapshot by Alex Goligoski.
17:00 of 2nd period - Stopped by Braden Holtby with a rebound.
17:54 of 2nd period - Snap shot by Jamie Benn.
17:54 of 2nd period - Shot Blocked by Braydon Coburn.
17:56 of 2nd period - Slapshot by Tyler Ennis.
17:56 of 2nd period - Stopped by Pekka Rinne without a rebound.
17:57 of 2nd period - David Krejci wins face-off versus Maxim Lapierre in Canadiens zone.
18:28 of 2nd period - Justin Fontaine is hit by Dustin Brown and loses puck.
18:45 of 2nd period - Penalty to Kevin Bieksa is over, Kevin Bieksa is back on ice.
18:47 of 2nd period - Jamie Benn is hit by Kevin Bieksa and loses puck.
19:12 of 2nd period - Slapshot by Alex Goligoski.
19:12 of 2nd period - Stopped by Braden Holtby with a rebound.
19:54 of 2nd period - Icing by Mike Ribeiro.
19:55 of 2nd period - Mike Ribeiro wins face-off versus Frans Nielsen in Canadiens zone.
Goals for this period are 0 for Canadiens vs 0 for Islanders.
Shots for this period are 8 for Canadiens vs 4 for Islanders.

3rd period


0:01 of 3rd period - David Krejci wins face-off versus Joe Thornton in neutral zone.
0:18 of 3rd period - Snap shot by Justin Abdelkader.
0:18 of 3rd period - Stopped by Braden Holtby with a rebound.
0:22 of 3rd period - Wrist shot by Radim Vrbata.
0:22 of 3rd period - Shot Misses the Net.
0:32 of 3rd period - Wrist shot by Radim Vrbata.
0:32 of 3rd period - Stopped by Braden Holtby with a rebound.
0:34 of 3rd period - Slapshot by Francois Beauchemin.
0:34 of 3rd period - Stopped by Braden Holtby with a rebound.
0:36 of 3rd period - Slapshot by Alex Goligoski.
0:36 of 3rd period - Stopped by Braden Holtby with a rebound.
1:31 of 3rd period - Slapshot by Dustin Brown.
1:31 of 3rd period - Stopped by Pekka Rinne with a rebound.
1:33 of 3rd period - Slapshot by Rob Scuderi.
1:33 of 3rd period - Shot Blocked by Matthew Carle.
1:35 of 3rd period - Wrist shot by Dustin Brown.
1:35 of 3rd period - Stopped by Pekka Rinne with a rebound.
1:37 of 3rd period - Snap shot by Frans Nielsen.
1:37 of 3rd period - Shot Misses the Net.
1:39 of 3rd period - Snap shot by Frans Nielsen.
1:39 of 3rd period - Shot Blocked by Mike Ribeiro.
1:41 of 3rd period - Slapshot by Rob Scuderi.
1:41 of 3rd period - Stopped by Pekka Rinne with a rebound.
1:43 of 3rd period - Wrist shot by Frans Nielsen.
1:43 of 3rd period - Stopped by Pekka Rinne with a rebound.
1:45 of 3rd period - Slapshot by Rob Scuderi.
1:45 of 3rd period - Shot Misses the Net.
2:14 of 3rd period - Slapshot by Patrick Eaves.
2:14 of 3rd period - Shot Misses the Net.
2:16 of 3rd period - Wrist shot by Scott Gomez.
2:16 of 3rd period - Stopped by Braden Holtby with a rebound.
2:18 of 3rd period - Wrist shot by Scott Gomez.
2:18 of 3rd period - Stopped by Braden Holtby with a rebound.
2:20 of 3rd period - Snap shot by Scott Gomez.
2:20 of 3rd period - Stopped by Braden Holtby without a rebound.
2:21 of 3rd period - Paul Gaustad wins face-off versus Joe Thornton in Islanders zone.
3:03 of 3rd period - Minor Penalty to Paul Gaustad for Hooking.
3:04 of 3rd period - Mike Ribeiro wins face-off versus Carl Hagelin in Islanders zone.
3:04 of 3rd period - Snap shot by Mathieu Perreault.
3:04 of 3rd period - Goal by Mathieu Perreault - Canadiens : 2 - Islanders : 0.
3:05 of 3rd period - Scott Gomez wins face-off versus David Krejci in neutral zone.
3:08 of 3rd period - Snap shot by Francois Beauchemin.
3:08 of 3rd period - Stopped by Braden Holtby without a rebound.
3:09 of 3rd period - Scott Gomez wins face-off versus David Krejci in Islanders zone.
3:16 of 3rd period - Slapshot by Ryan Callahan.
3:16 of 3rd period - Shot Misses the Net.
3:18 of 3rd period - Snap shot by Francois Beauchemin.
3:18 of 3rd period - Shot Blocked by Rob Scuderi.
3:20 of 3rd period - Wrist shot by Alex Goligoski.
3:20 of 3rd period - Stopped by Braden Holtby with a rebound.
3:22 of 3rd period - Slapshot by Alex Goligoski.
3:22 of 3rd period - Deflect By Erik Karlsson.
3:22 of 3rd period - Stopped by Braden Holtby with a rebound.
4:08 of 3rd period - Olli Maatta is hit by Justin Abdelkader and loses puck.
4:23 of 3rd period - Snap shot by Joe Pavelski.
4:23 of 3rd period - Shot Misses the Net.
4:47 of 3rd period - Wrist shot by Mathieu Perreault.
4:47 of 3rd period - Stopped by Braden Holtby with a rebound.
4:49 of 3rd period - Slapshot by Matthew Carle.
4:49 of 3rd period - Shot Misses the Net.
4:51 of 3rd period - Slapshot by Matthew Carle.
4:51 of 3rd period - Stopped by Braden Holtby with a rebound.
4:53 of 3rd period - Slapshot by Mike Ribeiro.
4:53 of 3rd period - Shot Misses the Net.
4:55 of 3rd period - Slapshot by Braydon Coburn.
4:55 of 3rd period - Deflect By Mathieu Perreault.
4:55 of 3rd period - Stopped by Braden Holtby with a rebound.
5:33 of 3rd period - Kevin Bieksa is hit by Dustin Brown and loses puck.
5:39 of 3rd period - Minor Penalty to Travis Hamonic for Hooking.
5:40 of 3rd period - Joe Thornton wins face-off versus Paul Gaustad in Islanders zone.
5:52 of 3rd period - Snap shot by Radim Vrbata.
5:52 of 3rd period - Stopped by Braden Holtby with a rebound.
6:02 of 3rd period - Wrist shot by Lauri Korpikoski.
6:02 of 3rd period - Shot Misses the Net.
6:04 of 3rd period - Snap shot by Kevin Klein.
6:04 of 3rd period - Stopped by Pekka Rinne with a rebound.
6:38 of 3rd period - Paul Gaustad is hit by Ben Lovejoy and loses puck.
6:59 of 3rd period - Icing by Mike Ribeiro.
7:00 of 3rd period - Frans Nielsen wins face-off versus Joe Thornton in Canadiens zone.
7:39 of 3rd period - Penalty to Travis Hamonic is over, Travis Hamonic is back on ice.
8:00 of 3rd period - Wrist shot by Justin Fontaine.
8:00 of 3rd period - Deflect By Gregory Campbell.
8:00 of 3rd period - Stopped by Braden Holtby with a rebound.
8:02 of 3rd period - Slapshot by Ben Lovejoy.
8:02 of 3rd period - Deflect By Justin Fontaine.
8:02 of 3rd period - Stopped by Braden Holtby without a rebound.
8:03 of 3rd period - David Krejci wins face-off versus Scott Gomez in Islanders zone.
8:28 of 3rd period - Slapshot by Jamie Benn.
8:28 of 3rd period - Shot Misses the Net.
8:54 of 3rd period - Gregory Campbell is hit by Tyler Ennis.
9:12 of 3rd period - Snap shot by Justin Fontaine.
9:12 of 3rd period - Shot Misses the Net.
9:14 of 3rd period - Slapshot by Kevin Bieksa.
9:14 of 3rd period - Shot Misses the Net.
9:16 of 3rd period - Slapshot by Kevin Bieksa.
9:16 of 3rd period - Stopped by Braden Holtby without a rebound.
9:17 of 3rd period - Joe Thornton wins face-off versus Joe Pavelski in Islanders zone.
9:46 of 3rd period - Snap shot by Joe Thornton.
9:46 of 3rd period - Stopped by Braden Holtby without a rebound.
9:47 of 3rd period - Mike Ribeiro wins face-off versus Frans Nielsen in Islanders zone.
9:54 of 3rd period - Snap shot by Jaromir Jagr.
9:54 of 3rd period - Shot Blocked by Frans Nielsen.
10:19 of 3rd period - Icing by Travis Hamonic.
10:20 of 3rd period - Joe Thornton wins face-off versus Frans Nielsen in Islanders zone.
10:44 of 3rd period - Dustin Brown is hit by Justin Abdelkader and loses puck.
11:31 of 3rd period - Slapshot by Jamie Benn.
11:31 of 3rd period - Shot Blocked by Matthew Carle.
11:33 of 3rd period - Snap shot by Jamie Benn.
11:33 of 3rd period - Deflect By Brandon Pirri.
11:33 of 3rd period - Goal by Brandon Pirri - Canadiens : 2 - Islanders : 1.
11:34 of 3rd period - Joe Pavelski wins face-off versus Mike Ribeiro in neutral zone.
11:59 of 3rd period - Slapshot by Erik Karlsson.
11:59 of 3rd period - Stopped by Pekka Rinne without a rebound.
12:00 of 3rd period - David Krejci wins face-off versus Joe Thornton in Canadiens zone.
12:19 of 3rd period - Snap shot by Joe Thornton.
12:19 of 3rd period - Shot Misses the Net.
12:21 of 3rd period - Slapshot by Radim Vrbata.
12:21 of 3rd period - Shot Misses the Net.
12:23 of 3rd period - Slapshot by Kevin Bieksa.
12:23 of 3rd period - Stopped by Braden Holtby with a rebound.
12:25 of 3rd period - Snap shot by Ben Lovejoy.
12:25 of 3rd period - Stopped by Braden Holtby with a rebound.
14:19 of 3rd period - Snap shot by Frans Nielsen.
14:19 of 3rd period - Shot Blocked by Braydon Coburn.
14:27 of 3rd period - Snap shot by Maxim Lapierre.
14:27 of 3rd period - Shot Misses the Net.
14:29 of 3rd period - Wrist shot by Gregory Campbell.
14:29 of 3rd period - Stopped by Braden Holtby without a rebound.
14:30 of 3rd period - Joe Thornton wins face-off versus Paul Gaustad in Islanders zone.
14:38 of 3rd period - Minor Penalty to Dalton Prout for High sticking.
14:39 of 3rd period - Paul Gaustad wins face-off versus Joe Thornton in Islanders zone.
15:05 of 3rd period - Wrist shot by Joe Thornton.
15:05 of 3rd period - Deflect By Justin Abdelkader.
15:05 of 3rd period - Deflect By Olli Maatta.
15:05 of 3rd period - Stopped by Braden Holtby with a rebound.
15:07 of 3rd period - Slapshot by Alex Goligoski.
15:07 of 3rd period - Stopped by Braden Holtby with a rebound.
15:09 of 3rd period - Snap shot by Alex Goligoski.
15:09 of 3rd period - Stopped by Braden Holtby without a rebound.
15:10 of 3rd period - Paul Gaustad wins face-off versus Mike Ribeiro in Islanders zone.
15:29 of 3rd period - Snap shot by Mike Ribeiro.
15:29 of 3rd period - Shot Blocked by Paul Gaustad.
15:31 of 3rd period - Slapshot by Matthew Carle.
15:31 of 3rd period - Deflect By Mike Ribeiro.
15:31 of 3rd period - Stopped by Braden Holtby with a rebound.
15:33 of 3rd period - Slapshot by Ben Lovejoy.
15:33 of 3rd period - Stopped by Braden Holtby with a rebound.
15:35 of 3rd period - Slapshot by Matthew Carle.
15:35 of 3rd period - Shot Blocked by Rob Scuderi.
15:37 of 3rd period - Slapshot by Ben Lovejoy.
15:37 of 3rd period - Shot Blocked by Rob Scuderi.
15:39 of 3rd period - Slapshot by Matthew Carle.
15:39 of 3rd period - Deflect By Mathieu Perreault.
15:39 of 3rd period - Shot Misses the Net.
15:39 of 3rd period - Puck is out of play.
15:40 of 3rd period - Joe Thornton wins face-off versus Paul Gaustad in Islanders zone.
15:45 of 3rd period - Slapshot by Joe Thornton.
15:45 of 3rd period - Goal by Joe Thornton - Canadiens : 3 - Islanders : 1.
15:46 of 3rd period - Joe Thornton wins face-off versus David Krejci in neutral zone.
17:00 of 3rd period - Snap shot by Marian Hossa.
17:00 of 3rd period - Stopped by Pekka Rinne with a rebound.
17:02 of 3rd period - Slapshot by Dalton Prout.
17:02 of 3rd period - Shot Misses the Net.
17:30 of 3rd period - Snap shot by Tyler Ennis.
17:30 of 3rd period - Stopped by Pekka Rinne with a rebound.
17:37 of 3rd period - Minor Penalty to Travis Hamonic for High sticking.
17:38 of 3rd period - Paul Gaustad wins face-off versus Joe Thornton in Islanders zone.
19:12 of 3rd period - Alex Goligoski is hit by Lauri Korpikoski and loses puck.
19:19 of 3rd period - Dalton Prout is hit by Justin Abdelkader and loses puck.
19:36 of 3rd period - Wrist shot by Mathieu Perreault.
19:36 of 3rd period - Stopped by Braden Holtby with a rebound.
19:37 of 3rd period - Penalty to Travis Hamonic is over, Travis Hamonic is back on ice.
19:50 of 3rd period - Wrist shot by David Krejci.
19:50 of 3rd period - Shot Misses the Net.
19:52 of 3rd period - Slapshot by Erik Karlsson.
19:52 of 3rd period - Stopped by Pekka Rinne with a rebound.
19:54 of 3rd period - Snap shot by David Krejci.
19:54 of 3rd period - Shot Misses the Net.
19:56 of 3rd period - Slapshot by Jamie Benn.
19:56 of 3rd period - Stopped by Pekka Rinne with a rebound.
19:58 of 3rd period - Slapshot by Jamie Benn.
19:58 of 3rd period - Shot Blocked by Ben Lovejoy.
Goals for this period are 2 for Canadiens vs 1 for Islanders.
Shots for this period are 29 for Canadiens vs 11 for Islanders.